 Dungeon Crawl Stone Soup version 0.22.1-2-g9c5b331383 (webtiles) character file.

115 McIrco the Grave Robber (level 4, -2/32 HPs)
             Began as a Mummy Necromancer on Jan 5, 2019.
             Slain by a gnoll
             ... wielding a +0 halberd
              (13 damage)
             ... on level 3 of the Dungeon.
             The game lasted 00:06:47 (2134 turns).

McIrco the Grave Robber (Mummy Necromancer)         Turns: 2134, Time: 00:06:48

Health: -2/32      AC:  3    Str: 11    XL:     4   Next: 68%
Magic:  4/10       EV: 12    Int: 15    God:
Gold:   99         SH:  0    Dex: 12    Spells: 2/11 levels left

rFire    x . .     SeeInvis .   h - +2 hand axe (flame)
rCold    + . .     Gourm    .   (no shield)
rNeg     + + +     Faith    .   e - +0 robe (curse)
rPois    ∞         Spirit   .   (no helmet)
rElec    .         Reflect  .   (no cloak)
rCorr    .         Harm     .   (no gloves)
MR       .....                  i - +0 pair of boots
Stlth    ++........             (no amulet)
HPRegen  0.10/turn              (no ring)
MPRegen  0.12/turn              (no ring)

@: no status effects
A: no food or potions, fire vulnerability, cold resistance 1, negative energy
resistance 3, torment resistance, unbreathing
a: no special abilities


You were on level 3 of the Dungeon.
You were not hungry.

You visited 1 branch of the dungeon, and saw 3 of its levels.

You collected 99 gold pieces.

Inventory:

Hand Weapons
 h - a +2 hand axe of flaming (weapon)
Armour
 a - a +0 robe
 e - a cursed +0 robe (worn)
 i - a +0 pair of boots (worn)
Jewellery
 d - an uncursed ring of poison resistance {unknown}
Scrolls
 b - 3 scrolls of teleportation {unknown}
 c - 3 scrolls of identify {unknown}
 f - a scroll of amnesia {unknown}
 g - 2 scrolls of magic mapping {unknown}


   Skills:
 + Level 1.0 Fighting
 + Level 0.1 Axes
 + Level 1.7 Dodging
 - Level 1.6 Stealth
 + Level 4.1 Spellcasting
 + Level 5.2 Necromancy


You had 2 spell levels left.
You knew the following spells:

 Your Spells              Type           Power        Failure   Level  Hunger
a - Pain                  Necr           ###.         1%          1    N/A
b - Animate Skeleton      Necr           N/A          1%          1    N/A
c - Vampiric Draining     Necr           ###.......   6%          3    N/A
d - Animate Dead          Necr           N/A          21%         4    N/A

Your spell library contained the following spells:

 Spells                   Type           Power        Failure   Level  Hunger
 Regeneration             Chrm/Necr      Unusable     N/A         3    N/A

Dungeon Overview and Level Annotations

Branches:
Dungeon (3/15)

Altars:


Innate Abilities, Weirdness & Mutations

You do not eat or drink.
Your flesh is vulnerable to fire.
You are immune to poison.
Your flesh is cold resistant. (rC+)
You are immune to negative energy. (rN+++)
You are immune to unholy pain and torment.
You can survive without breathing.


Message History

You kill the gnoll!
Your Fighting skill increases to level 1!
Casting: Pain (safe; 1% risk of failure)
Confirm with . or Enter, or press ? or * to list all spells.
You can't see any susceptible monsters within range! (Use Z to cast anyway.) Unknown command.
You swap places.
An orc comes into view. It is wielding a club.
The gnoll barely misses you. The gnoll hits you with a halberd!
You see here a gnoll corpse.
You hit the gnoll. You burn the gnoll.
The gnoll is moderately wounded.
An orc comes into view. It is wielding a mace.
The gnoll hits you from afar with a spear.
The gnoll closely misses you.
The gnoll hits you from afar with a spear.
The orc moves out of view.
You swap places.
The gnoll hits you from afar with a halberd!
You die...

.....#...##........#
#.
########.#########)##
# #.# #Z# #.# #.# #
#.#########.# #.
#.#.!......(# ..
#.#.#########
#o##Z#.# #ggZ@#.#
#### #.####.# #... ..
#.# #.## #> #.# #.# #
#.# #.# #.#### #.#
#....# #.# ####.# #.#
#.# #.#


You could see 2 gnolls, an orc, a friendly adder zombie and a friendly kobold
zombie.

Vanquished Creatures
  4 adders
  2 gnolls
  An ooze (D:2)
  3 worms
  3 dart slugs (D:1)
  3 leopard geckos
  An orc (D:3)
  A bat (D:1)
  A giant cockroach (D:1)
  2 hobgoblins
  7 kobolds
  A quokka (D:2)
  A ball python (D:1)
  2 frilled lizards
  7 goblins
  5 rats
44 creatures vanquished.

Notes
Turn   | Place    | Note
-------+----------+-------------------------------------------
     0 | D:1      | McIrco the Mummy Necromancer began the quest for the Orb.
     0 | D:1      | Reached XP level 1. HP: 13/13 MP: 4/4
    17 | D:1      | Reached XP level 2. HP: 15/19 MP: 0/5
    29 | D:1      | Learned a level 1 spell: Animate Skeleton
   501 | D:1      | Reached XP level 3. HP: 24/24 MP: 2/7
  1137 | D:2      | Reached skill level 5 in Necromancy
  1318 | D:2      | Reached XP level 4. HP: 14/30 MP: 0/9
  1480 | D:2      | Learned a level 3 spell: Vampiric Draining
  1485 | D:2      | Learned a level 4 spell: Animate Dead
  1531 | D:2      | Found a faded altar of an unknown god.
  2131 | D:3      | Reached skill level 1 in Fighting
  2134 | D:3      | Slain by a gnoll

Skill      XL: |  1  2  3  4 |
---------------+-------------+-----
Spellcasting   | 3 4 |  4.1
Necromancy     | 5 |  5.2
Fighting       | 1 |  1.0
Axes           | |  0.1
Dodging        | |  1.7
Stealth        | |  1.6

Action                   |  1- 3 |  4- 6 || total
-------------------------+-------+-------++-------
Melee: Unarmed           |     9 |       ||     9
       Hand axe          |    12 |    43 ||    55
 Cast: Pain              |    62 |    36 ||    98
       Animate Skeleton  |     8 |       ||     8
       Animate Dead      |       |     1 ||     1
Armor: Robe              |     6 |    17 ||    23
Dodge: Dodged            |    16 |    30 ||    46
